 Dungeon Crawl Stone Soup version 0.26-a0-52-gd53d4cd (webtiles) character file.

Game seed: 13280833634609090027

84 BlueFish the Grasshopper (level 4, 0/29 HPs)
             Began as an Octopode Warper on June 6, 2020.
             Slain by a bullfrog (3 damage)
             ... on level 1 of the Dungeon.
             The game lasted 00:03:47 (2049 turns).

BlueFish the Grasshopper (Octopode Warper)          Turns: 2049, Time: 00:03:47

Health: 0/29       AC:  1    Str: 11    XL:     4   Next: 46%
Magic:  0/7        EV: 13    Int: 15    God:
Gold:   41         SH:  0    Dex: 11    Spells: 3/7 levels left

rFire    . . .     SeeInvis .     - Unarmed
rCold    . . .     Gourm    .   (no shield)
rNeg     . . .     Faith    .   (helmet restricted)
rPois    .         Spirit   .   (no amulet)
rElec    .         Reflect  .   (no ring)
rCorr    .         Harm     .   (no ring)
MR       .....                  (no ring)
Stlth    +++.......             (no ring)
HPRegen  0.09/turn              (no ring)
MPRegen  0.10/turn              (no ring)
                                (no ring)
                                (no ring)

@: shrouded
A: almost no armour, stealthy swim, amphibious, 8 rings, constrict 8, camouflage
1, gelatinous body 1
a: no special abilities


You were on level 1 of the Dungeon.
You were hungry.

You visited 1 branch of the dungeon, and saw 2 of its levels.

You collected 41 gold pieces.

Inventory:

Hand Weapons
 r - a +1 spear of venom
Missiles
 c - 5 boomerangs of dispersal (quivered)
 f - 44 arrows
 h - 29 stones
Armour
 m - a +0 hat
Jewellery
 k - an uncursed amulet of magic regeneration {unknown}
Wands
 u - a wand of paralysis (10)
Scrolls
 a - a scroll of teleportation {unknown}
 b - 3 scrolls of blinking
 g - 4 scrolls of identify {unknown}
 l - a scroll of fear {unknown}
 n - 3 scrolls of remove curse {unknown}
 o - a scroll of fog {unknown}
 p - a scroll of amnesia {unknown}
 t - a scroll of immolation {unknown}
Potions
 e - 2 potions of haste {unknown}
 i - a potion of heal wounds {unknown}
 j - a potion of mutation {unknown}
 s - a potion of lignification {unknown}
Comestibles
 d - 4 rations


   Skills:
 * Level 2.2 Fighting
 * Level 1.6 Throwing
 * Level 2.7 Dodging
 * Level 2.4 Stealth
 * Level 3.0 Unarmed Combat
 + Level 2.1 Spellcasting
 + Level 3.2 Translocations


You had 3 spell levels left.
You knew the following spells:

 Your Spells              Type           Power        Failure   Level  Hunger
a - Shroud of Golubria    Chrm/Tloc      #.....       17%         2    ###....
b - Blink                 Tloc           N/A          9%          2    ###....

Your spell library contained the following spells:

 Spells                   Type           Power        Failure   Level  Hunger
 Gell's Gravitas          Tloc           ##........   17%         3    ###....
 Lesser Beckoning         Tloc           ##........   17%         3    ###....
 Teleport Other           Tloc           ##......     17%         3    ###....
 Passage of Golubria      Tloc           N/A          50%         4    #####..


Dungeon Overview and Level Annotations

Branches:
Dungeon (2/15)

Altars:
Elyvilon
Fedhas
Hepliaklqana


Innate Abilities, Weirdness & Mutations

You cannot wear most types of armour.
You are very stealthy in the water. (Stealth+)
You are amphibious.
You can wear up to eight rings at the same time.
You can use your tentacles to constrict eight enemies at once.
Your skin changes colour to match your surroundings (Stealth+).
Your rubbery body absorbs attacks. (AC +1, EV +1)


Message History

The bat closely misses you. The bullfrog closely misses you.
The bat barely misses you. The bat closely misses you.
The bullfrog barely misses you.
There is a stone staircase leading up here.
The bat closely misses you. The bullfrog closely misses you.
The bat barely misses you. The bullfrog hits you.
Your shroud falls apart!
You climb upwards.
There is a stone staircase leading down here.
You tentacle-slap the bat. Your grab misses the bat. You squeeze the bat.
You kill the bat!
The bullfrog closely misses you. The bullfrog hits you. x2
* * * LOW HITPOINT WARNING * * *
Casting: Shroud of Golubria (safe; 17% risk of failure)
Confirm with . or Enter, or press ? or * to list all spells.
Space distorts slightly along a thin shroud covering your body.
Your shroud bends the bullfrog's attack away.
The bullfrog hits you.
You die...

##############.# ##########
#..............# #.........
##.###########.# #####.########
#.# #......#.# #.....# #.#
#.####.#.# #.##### #.####.#
#.#.# #.# #......#
#.#.###.############
###########.#.................
#........#.#@###.##########..
#.######.#.#F###.##########.#
#.#......#.#>.......^........
#.#.#....#.#####.##########'#
#.#.#.##.#.# #.............
#.#......#.# #.............
###.###.####.# #.............
#............#####.............
#######.........##.............


You could see a bullfrog.

Vanquished Creatures
  Terence (D:2)
  An adder (D:2)
  2 worms (D:2)
  2 dart slugs
  2 giant cockroaches
  5 hobgoblins
  10 jackals
  3 kobolds
  3 bats
  A frilled lizard (D:1)
  8 rats
  A plant (D:1)
39 creatures vanquished.

Notes
Turn   | Place    | Note
-------+----------+-------------------------------------------
     0 | D:1      | BlueFish the Octopode Warper began the quest for the Orb.
     0 | D:1      | Reached XP level 1. HP: 14/14 MP: 3/3
   376 | D:1      | Reached XP level 2. HP: 17/19 MP: 5/5
   383 | D:1      | Learned a level 2 spell: Shroud of Golubria
   386 | D:1      | Learned a level 2 spell: Blink
   556 | D:1      | Reached skill level 1 in Stealth
  1026 | D:1      | Reached XP level 3. HP: 24/24 MP: 6/6
  1473 | D:2      | Found a blossoming altar of Fedhas.
  1769 | D:2      | Found a white marble altar of Elyvilon.
  1820 | D:2      | Found a hazy altar of Hepliaklqana.
  1824 | D:2      | Noticed Terence
  1826 | D:2      | Noticed a bullfrog
  1832 | D:2      | Reached XP level 4. HP: 28/29 MP: 7/7
  1849 | D:2      | Killed Terence
  2049 | D:1      | Slain by a bullfrog

Illustrated notes

Levels and vault maps discovered:
D:1:      onia_arrival_mini_maze, layout_basic
D:2:      layout_basic, lemuel_doored_altar, lemuel_crystal_altar,
          lemuel_coloured_pillars_altar, uniq_terence

Skill      XL: |  1  2  3  4 |
---------------+-------------+-----
Stealth        | 1 2 |  2.4
Unarmed Combat | 3 |  3.0
Fighting       | |  2.2
Throwing       | |  1.6
Dodging        | |  2.7
Spellcasting   | |  2.1
Translocations | |  3.2

Action                   |  1- 3 |  4- 6 || total
-------------------------+-------+-------++-------
Melee: Unarmed           |   107 |    18 ||   125
       Constrict         |    28 |     1 ||    29
       Tentacles         |    24 |     4 ||    28
       Punch             |     1 |     1 ||     2
 Cast: Blink             |       |     2 ||     2
       Shroud of Golubri |       |     2 ||     2
 Stab: Sleeping          |     4 |       ||     4
  Eat: Chunk             |     3 |       ||     3
Armor: Skin              |     9 |       ||     9
Dodge: Dodged            |    56 |    23 ||    79

Table legend:
 A = Non-vault XP
 B = Vault XP
 C = Vault XP percentage of total XP
 D = Non-vault monster count
 E = Vault monster count
 F = Vault count percentage of total count
                 A         B        C        D         E       F
            +---------+---------+-------+---------+---------+-------
      Total |      84 |      37 |  30.6 |      36 |       2 |   5.3
            +---------+---------+-------+---------+---------+-------
        D:1 |      36 |       1 |   2.7 |      20 |       1 |   4.8
        D:2 |      48 |      36 |  42.9 |      16 |       1 |   5.9
            +---------+---------+-------+---------+---------+-------
